[Event "Team 45 45 League T68"]
[Site "Internet Chess Club"]
[Date "2016.03.27"]
[Round "3"]
[White "xwang1"]
[Black "spand42"]
[Result "1-0"]
[WhiteElo "2070"]
[BlackElo "2009"]
[Opening "Sicilian: Canal-Sokolsky attack, Sokolsky variation"]
[ECO "B52"]
[Time "18:23:47"]
[TimeControl "2700+45"]

1. e4 c5 2. Nf3 d6 3. Bb5+ Bd7 4. Bxd7+ Qxd7 5. c4 Nc6 6. d4 cxd4 7. Nxd4 Nf6 8.
Nc3 g6 9. f3 Bg7 10. Nde2 O-O 11. O-O Rac8 12. Be3 Na5 13. b3 b6 14. Qd2 Rfd8
15. Rfd1 Qb7 16. Rab1 Nc6 17. a4 a5 18. Nf4 Nb4 19. Qf2 Nd7 20. Ncd5 Nxd5 21.
Nxd5 Nc5 22. Qh4 Re8 23. Bg5 Bf8 24. Bh6 Bxh6 25. Qxh6 Rb8 26. Re1 Qc6 27. f4
Nd3 28. Re3 Qc5 29. Kf1 Nb4 30. Rh3 Qd4 31. e5 {Black resigns} 1-0

[Event "Team 45 45 League T68"]
[Site "Internet Chess Club"]
[Date "2016.03.29"]
[Round "3"]
[White "SlimeDog2"]
[Black "chessfunblast"]
[Result "1-0"]
[WhiteElo "2031"]
[BlackElo "1928"]
[Opening "Grünfeld: Three knights variation"]
[ECO "D90"]
[Time "22:08:45"]
[TimeControl "2700+45"]

1. d4 Nf6 2. c4 g6 3. Nf3 Bg7 4. Nc3 d5 5. cxd5 Nxd5 6. Na4 O-O 7. e4 Nb6 8. Be3
Nxa4 9. Qxa4 c5 10. Rd1 Qc7 11. Be2 Nc6 12. dxc5 Bxb2 13. O-O Bg7 14. h3 h6 15.
Bc4 Ne5 16. Nxe5 Qxe5 17. f4 Qh5 18. Qc2 g5 19. fxg5 hxg5 20. Qf2 g4 21. Rd8 Be6
22. Rxa8 Rxa8 23. Bxe6 fxe6 24. hxg4 Qg6 25. g5 Qxe4 26. Qf7+ Kh8 27. Rf3 Qb1+
28. Kh2 Be5+ 29. Bf4 Bxf4+ 30. Rxf4 Qh7+ 31. Kg3 Qxf7 32. Rxf7 Rc8 33. Rxe7 Rxc5
34. Kg4 e5 35. Rxb7 Ra5 36. Kh5 e4 37. Kh6 Kg8 38. g6 Rf5 39. Rb8+ Rf8 40. Rxf8+
Kxf8 41. Kh7 e3 42. g7+ Ke7 43. g8=Q e2 44. Qg3 {Black resigns} 1-0

[Event "Team 45 45 League T68"]
[Site "Internet Chess Club"]
[Date "2016.03.26"]
[Round "3"]
[White "charles-allen"]
[Black "swagnik"]
[Result "1/2-1/2"]
[WhiteElo "1840"]
[BlackElo "1821"]
[Opening "Robatsch (modern) defense"]
[ECO "B06"]
[Time "14:00:43"]
[TimeControl "2700+45"]

1. e4 g6 2. d4 Bg7 3. Nf3 c5 4. dxc5 Qa5+ 5. c3 Qxc5 6. Be3 Qc7 7. Na3 Nc6 8.
Nb5 Qd8 9. Bc4 Nf6 10. e5 Ng4 11. Bxf7+ Kxf7 12. Ng5+ Kg8 13. Qxg4 Nxe5 14. Qe2
h6 15. Bd4 d6 16. Nf3 Nxf3+ 17. Qxf3 Bd7 18. O-O-O a6 19. Bxg7 Kxg7 20. Nd4 Rf8
21. Qe3 Rc8 22. Rhe1 e5 23. Nc2 Bc6 24. f3 Rf7 25. Nb4 Bb5 26. Nd5 Qh4 27. g3
Qh3 28. Rd2 Qe6 29. f4 Rc5 30. Red1 Bc4 31. Nb6 exf4 32. Qd4+ Kh7 33. Nxc4 Rxc4
34. Qxd6 Qxd6 35. Rxd6 fxg3 36. Rd7 Kg7 {Game drawn by mutual agreement} 1/2-1/2

[Event "Team 45 45 League T68"]
[Site "Internet Chess Club"]
[Date "2016.03.29"]
[Round "3"]
[White "Packerfan"]
[Black "LazyPeon"]
[Result "1-0"]
[WhiteElo "1782"]
[BlackElo "1741"]
[Opening "Sicilian: Alapin's variation (2.c3)"]
[ECO "B22"]
[Time "14:00:21"]
[TimeControl "2700+45"]

1. e4 c5 2. c3 d5 3. exd5 Nf6 4. c4 e6 5. dxe6 Bxe6 6. Nf3 Nc6 7. Be2 Bd6 8. O-O
O-O 9. Nc3 Qd7 10. d3 h6 11. Be3 Ng4 12. Qd2 Nxe3 13. fxe3 Bf5 14. Nd5 Ne7 15.
Nxe7+ Qxe7 16. d4 cxd4 17. exd4 Bb4 18. Qd1 Qe3+ 19. Rf2 Rad8 20. Qb3 Qxb3 21.
axb3 a6 22. Ne5 Bc2 23. Bh5 Bxb3 24. Bxf7+ Kh7 25. Bd5 Rxf2 26. Kxf2 Rf8+ 27.
Ke3 Re8 28. Bxb7 Bxc4 29. Be4+ {Black resigns} 1-0

[Event "Team 45 45 League T68"]
[Site "Internet Chess Club"]
[Date "2016.03.28"]
[Round "3"]
[White "Zugzwanged"]
[Black "Lrn2Mate"]
[Result "0-1"]
[WhiteElo "1651"]
[BlackElo "1641"]
[Opening "Scandinavian (center counter) defense"]
[ECO "B01"]
[Time "21:47:52"]
[TimeControl "2700+45"]

1. e4 d5 2. exd5 Qxd5 3. Nc3 Qd8 4. Bc4 Nf6 5. Nf3 Bg4 6. Bxf7+ Kxf7 7. Ne5+ Kg8
8. Nxg4 Qd7 9. Nxf6+ exf6 10. O-O c5 11. d3 Bd6 12. Qf3 Nc6 13. Bf4 Bxf4 14.
Qxf4 Ne5 15. Rad1 Kf7 16. Rfe1 Rhe8 17. Ne4 Qc6 18. Qf5 Kg8 19. Re2 Ng6 20. Rde1
b6 21. Qf3 Kh8 22. Qg3 Re6 23. Nc3 Rxe2 24. Rxe2 Qd7 25. Qe3 Rd8 26. g3 Ne5 27.
f4 Nc6 28. Qe6 Nd4 29. Qxd7 Nxe2+ 30. Kf2 Rxd7 31. Kxe2 f5 32. h3 h5 33. a4 Kg8
34. Nd1 Kf7 35. Ne3 Ke6 36. h4 a6 37. Nc4 b5 38. axb5 axb5 39. Ne5 Ra7 40. b3
Ra1 41. Nc6 Kd6 42. Ne5 Rg1 43. Kf2 Rc1 44. Ke3 Rxc2 45. d4 Rc3+ 46. Kd2 cxd4
47. b4 Rxg3 48. Nf7+ Kd5 49. Ne5 Rg4 50. Ng6 Rxg6 {White resigns} 0-1

[Event "Team 45 45 League T68"]
[Site "Internet Chess Club"]
[Date "2016.03.25"]
[Round "3"]
[White "clarinetref"]
[Black "pokerram"]
[Result "1-0"]
[WhiteElo "1664"]
[BlackElo "1611"]
[Opening "English opening"]
[ECO "A22"]
[Time "18:07:26"]
[TimeControl "2700+45"]

1. c4 e5 2. Nc3 Nf6 3. d3 Nc6 4. g3 Bb4 5. Bd2 Bxc3 6. Bxc3 d5 7. Bg2 O-O 8.
cxd5 Nxd5 9. Nf3 f6 10. O-O Be6 11. Qc2 Qd7 12. Rfd1 Rad8 13. Nd2 Nd4 14. Bxd4
exd4 15. a3 c6 16. Rac1 Rc8 17. Qc5 Nb6 18. Nf3 Rfd8 19. e3 dxe3 20. fxe3 Qd6
21. Qa5 Qc7 22. Nd4 Bg4 23. Rd2 Qe7 24. Kf2 Nd5 25. e4 b6 26. Qa4 b5 27. Qb3 c5
28. exd5 cxd4 29. d6+ Be6 30. dxe7 Bxb3 31. exd8=Q+ Rxd8 32. Rc7 a5 33. Re2 b4
34. axb4 axb4 35. Ree7 Kf8 36. Rxg7 Bg8 37. Be4 f5 38. Bxf5 Rd6 39. Rgd7 {Black
resigns} 1-0

[Event "Team 45 45 League T68"]
[Site "Internet Chess Club"]
[Date "2016.03.26"]
[Round "3"]
[White "bayoumicardio10"]
[Black "tryanything"]
[Result "1-0"]
[WhiteElo "1555"]
[BlackElo "1558"]
[Opening "Scotch gambit: Dubois-Réti defense"]
[ECO "C55"]
[Time "19:46:57"]
[TimeControl "2700+45"]

1. e4 e5 2. Nf3 Nc6 3. d4 exd4 4. Bc4 Nf6 5. e5 d5 6. Bb5 Ne4 7. Nxd4 Bd7 8.
Bxc6 bxc6 9. O-O Bc5 10. f3 Ng5 11. f4 Ne6 12. Be3 Nxd4 13. Bxd4 Bxd4+ 14. Qxd4
O-O 15. f5 Qg5 16. h4 Qh5 17. f6 g6 18. Nd2 Rfe8 19. Nf3 Bg4 20. Rae1 Bxf3 21.
Rxf3 Re6 22. Kh2 Rae8 23. Rfe3 h6 24. Kg1 Kh7 25. Qxa7 Rxe5 26. Qxc7 {Black
resigns} 1-0

[Event "Team 45 45 League T68"]
[Site "Internet Chess Club"]
[Date "2016.03.26"]
[Round "3"]
[White "NAS"]
[Black "Goli"]
[Result "1-0"]
[WhiteElo "1694"]
[BlackElo "1704"]
[Opening "Robatsch (modern) defense"]
[ECO "B06"]
[Time "13:06:30"]
[TimeControl "2700+45"]

1. e4 g6 2. d4 Bg7 3. Nc3 d6 4. Be3 Nf6 5. f3 O-O 6. Qd2 Nc6 7. d5 Ne5 8. Bh6 c6
9. Bxg7 Kxg7 10. O-O-O cxd5 11. exd5 a6 12. g4 b5 13. h4 h5 14. Be2 hxg4 15. h5
Nxh5 16. fxg4 Bxg4 17. Bxg4 Nxg4 18. Rxh5 gxh5 19. Qg5+ Kh7 20. Qxh5+ Nh6 21.
Nf3 Rg8 22. Rh1 Rg6 23. Ne4 f6 24. Neg5+ fxg5 25. Nxg5+ Kg7 26. Ne6+ Rxe6 27.
dxe6 Qh8 28. Rg1+ Kf8 29. Rf1+ Kg8 30. Rg1+ Kf8 31. Rf1+ Kg8 32. Rf7 Nf5 33.
Qxf5 Qh1+ 34. Kd2 Qh2+ 35. Kc3 Rc8+ 36. Kb3 Qg3+ 37. c3 {Black resigns} 1-0

[Event "Team 45 45 League T68"]
[Site "Internet Chess Club"]
[Date "2016.03.27"]
[Round "3"]
[White "Egmont"]
[Black "chess2009"]
[Result "1-0"]
[WhiteElo "1709"]
[BlackElo "1713"]
[Opening "Queen's pawn game"]
[ECO "D05"]
[Time "09:03:19"]
[TimeControl "2700+45"]

1. d4 e6 2. Nf3 d5 3. e3 Nf6 4. Bd3 Bd6 5. Nbd2 O-O 6. O-O b6 7. b3 Bb7 8. Ne5
Nc6 9. Bb2 Nb4 10. Be2 c5 11. a3 Nc6 12. Bd3 cxd4 13. exd4 Qc7 14. f4 Bxe5 15.
fxe5 Ne4 16. Nxe4 dxe4 17. Bxe4 Rad8 18. Rf4 Nxe5 19. Bxh7+ Kxh7 20. Rh4+ Kg8
21. Qh5 f6 22. dxe5 Qxc2 23. Qh8+ Kf7 24. Qh5+ Ke7 25. exf6+ Rxf6 26. Bxf6+ Kxf6
27. Rf1+ Ke7 28. Qf7+ Kd6 {Black resigns} 1-0

[Event "Team 45 45 League T68"]
[Site "Internet Chess Club"]
[Date "2016.03.25"]
[Round "3"]
[White "Mitochondria"]
[Black "whiskeytown"]
[Result "0-1"]
[WhiteElo "1524"]
[BlackElo "1622"]
[Opening "King's Indian: orthodox variation"]
[ECO "E94"]
[Time "03:02:55"]
[TimeControl "2700+45"]

1. d4 Nf6 2. c4 g6 3. Nc3 Bg7 4. e4 d6 5. Nf3 O-O 6. Be2 e5 7. O-O exd4 8. Nxd4
Re8 9. Qc2 Nxe4 10. Nxe4 Bxd4 11. Bf3 Nc6 12. a3 Ne5 13. Bg5 Nxf3+ 14. gxf3 f6
15. Bh6 Bf5 16. Rfe1 c6 17. Rad1 Qb6 18. Be3 Bxe3 19. Rxe3 Re6 20. Qc3 Bxe4 21.
Rxe4 Rxe4 22. fxe4 Qd8 23. Qb4 Qe7 24. Qxd6 Qxe4 25. Qxf6 Qg4+ {White resigns}
0-1

[Event "Team 45 45 League T68"]
[Site "Internet Chess Club"]
[Date "2016.03.25"]
[Round "3"]
[White "tightfist"]
[Black "zorori"]
[Result "0-1"]
[WhiteElo "1605"]
[BlackElo "1474"]
[Opening "Grünfeld: modern exchange variation"]
[ECO "D90"]
[Time "21:34:07"]
[TimeControl "2700+45"]

1. Nf3 Nf6 2. c4 g6 3. d4 Bg7 4. Nc3 d5 5. cxd5 Nxd5 6. e4 Nxc3 7. bxc3 O-O 8.
Bc4 c5 9. Be3 Nc6 10. Bb5 Bd7 11. Bxc6 Bxc6 12. e5 cxd4 13. Bxd4 Qc7 14. O-O
Rfd8 15. Qe2 a6 16. Rab1 Bb5 17. Rxb5 axb5 18. Qxb5 Qb8 19. Rb1 Rxa2 20. g3 e6
21. Qc4 Ra6 22. Rb5 Qa8 23. Qc7 Rb8 24. Bb6 Rc8 25. Qd7 Rxc3 26. Ng5 Qf8 27. Bd4
Rc8 28. Kg2 Raa8 29. Bc5 Qe8 30. Qd3 Bxe5 31. Be3 Qc6+ 32. Kh3 Bg7 33. Rc5 Qe8
34. Rb5 Rc3 35. Qb1 Rb8 36. Ba7 Rbc8 37. Rxb7 R3c7 38. Ne4 Rxb7 39. Qxb7 Qd8 40.
Ng5 Qc7 41. Qxc7 Rxc7 42. Be3 Bc3 43. Ne4 Bb2 44. Bh6 f6 45. Be3 Kg7 46. Kg2 e5
47. h4 Rd7 48. Nc5 Rd5 49. g4 Kf7 50. Kg3 Bd4 51. Ne4 f5 52. Ng5+ Kg8 53. gxf5
gxf5 54. Kf3 Bxe3 55. fxe3 Rd3 56. Ke2 Ra3 57. Nh3 Kg7 58. Nf2 Kg6 59. Nd3 Kh5
60. Nxe5 Kxh4 61. Kf3 Kg5 62. Nf7+ Kf6 63. Nd6 h5 64. Nc4 Rd3 65. Kf4 h4 66. Ne5
Rd8 67. Nf3 Rh8 68. Nh2 h3 69. e4 fxe4 70. Kxe4 Ke6 71. Kf3 Kf5 72. Kg3 Ke4 73.
Nf1 Kd3 74. Kh2 Ke2 75. Ng3+ Kf3 76. Nf5 Kf4 77. Ne7 Kg4 78. Ng6 Re8 79. Kg1 Kg3
80. Kf1 h2 81. Ne7 h1=Q+ 82. Ke2 Rxe7+ {White resigns} 0-1

[Event "Team 45 45 League T68"]
[Site "Internet Chess Club"]
[Date "2016.03.25"]
[Round "3"]
[White "zepled37"]
[Black "AH2012"]
[Result "1-0"]
[WhiteElo "1727"]
[BlackElo "1643"]
[Opening "Ruy Lopez: 5.O-O"]
[ECO "C78"]
[Time "18:15:56"]
[TimeControl "2700+45"]

1. e4 e5 2. Nf3 Nc6 3. Bb5 a6 4. Ba4 Nf6 5. O-O b5 6. Bb3 Bc5 7. c3 d6 8. d4 Bb6
9. Be3 Bb7 10. Nbd2 O-O 11. Re1 h6 12. h3 Qd7 13. a4 Rfe8 14. axb5 axb5 15. Rxa8
Rxa8 16. Bc2 Qe7 17. d5 Bxe3 18. Rxe3 Nd8 19. Nf1 Ba6 20. Ng3 g6 21. Kh2 Nb7 22.
b4 Nd8 23. Bd3 c6 24. dxc6 Nxc6 25. Qe2 Rc8 26. Bxb5 Bxb5 27. Qxb5 Na7 28. Qa4
Qb7 29. Qb3 Nb5 30. c4 Na7 31. b5 Rc5 32. Nd2 Nc8 33. Qa2 Nb6 34. Ra3 Kg7 35.
Ra7 Qc8 36. Qa6 Qxa6 37. Rxa6 Nxc4 38. Nxc4 Rxc4 39. Rxd6 Nxe4 40. Nxe4 Rxe4 41.
Ra6 Rb4 42. b6 Kf8 43. Kg3 Ke8 44. h4 Kd8 45. Ra8+ Kd7 46. Ra7+ Ke6 47. b7 Rb6
48. Kf3 f5 49. Ra6 e4+ 50. Kf4 Rxa6 51. b8=Q Rd6 52. Qe8+ Kd5 53. g4 Re6 54. Qg8
Kd6 55. gxf5 gxf5 56. Kxf5 Re5+ 57. Kf4 Re6 58. Qf8+ Kd7 59. h5 Kc7 60. Kf5 Kd7
61. Qf7+ Re7 62. Qd5+ Ke8 63. Kg6 e3 64. fxe3 Rxe3 65. Qg8+ Kd7 66. Qf7+ Re7 67.
Qd5+ Ke8 68. Kxh6 Kf8 69. Qd6 Kf7 70. Qxe7+ Kxe7 71. Kg7 Ke6 72. h6 Kf5 73. h7
Kg4 74. h8=Q Kg3 75. Kg6 Kf4 76. Qd4+ Kg3 77. Kg5 Kh3 78. Qd3+ Kg2 79. Kg4 Kf2
80. Qd2+ Kg1 81. Kg3 Kh1 82. Qc1# {Black checkmated} 1-0

[Event "Team 45 45 League T68"]
[Site "Internet Chess Club"]
[Date "2016.03.27"]
[Round "3"]
[White "Grenadier"]
[Black "tuantuan"]
[Result "1-0"]
[WhiteElo "1625"]
[BlackElo "1501"]
[Opening "Bishop's opening"]
[ECO "C23"]
[Time "14:53:55"]
[TimeControl "2700+45"]

1. e4 e5 2. Bc4 Nc6 3. Nc3 Bc5 4. d3 Nf6 5. f4 d6 6. Nf3 Bg4 7. Na4 Bd4 8. h3
Bxf3 9. Qxf3 O-O 10. c3 Bb6 11. b4 a6 12. Nxb6 cxb6 13. a4 a5 14. b5 Na7 15. O-O
Nd7 16. Be3 Qe7 17. Qg3 g6 18. f5 Rad8 19. Bh6 Rfe8 20. fxg6 hxg6 21. Qxg6+ Kh8
22. Qg7# {Black checkmated} 1-0

[Event "Team 45 45 League T68"]
[Site "Internet Chess Club"]
[Date "2016.03.26"]
[Round "3"]
[White "arnav07"]
[Black "bmw2002"]
[Result "1/2-1/2"]
[WhiteElo "1508"]
[BlackElo "1503"]
[Opening "Caro-Kann: advance variation"]
[ECO "B12"]
[Time "14:05:55"]
[TimeControl "2700+45"]

1. e4 c6 2. d4 d5 3. e5 Bf5 4. Nf3 e6 5. Bd3 Bxd3 6. Qxd3 Qa5+ 7. c3 Qa6 8. Qxa6
Nxa6 9. Nbd2 Ne7 10. Nb3 Nf5 11. g4 Nh6 12. h3 b6 13. Be3 Be7 14. Ke2 Rc8 15.
Rac1 Kd7 16. Nbd2 c5 17. Nf1 cxd4 18. Nxd4 Nc5 19. Ng3 a6 20. Bxh6 gxh6 21. f4
{Game drawn by mutual agreement} 1/2-1/2

[Event "Team 45 45 League T68"]
[Site "Internet Chess Club"]
[Date "2016.03.28"]
[Round "3"]
[White "JefferyChess"]
[Black "kaiclc"]
[Result "1-0"]
[WhiteElo "1888"]
[BlackElo "1232"]
[Opening "French: Tarrasch, closed variation"]
[ECO "C05"]
[Time "18:30:16"]
[TimeControl "2700+45"]

1. e4 e6 2. d4 d5 3. Nd2 Nf6 4. e5 Nfd7 5. Bd3 c5 6. c3 Nc6 7. Ne2 f6 8. exf6
Nxf6 9. Nf3 Bd6 10. O-O O-O 11. Bf4 Ng4 12. Bg3 Qc7 13. Qc2 Nf6 14. dxc5 Bxg3
15. Nxg3 e5 16. Bf5 e4 17. Nd4 Ne5 18. Bxc8 Rfxc8 19. b4 b6 20. cxb6 Qxc3 21. b7
Qxc2 22. Nxc2 Rab8 23. bxc8=Q+ Rxc8 24. Ne3 Nd3 25. a3 d4 26. Nef5 Kf7 27. Nd6+
{Black resigns} 1-0

[Event "Team 45 45 League T68"]
[Site "Internet Chess Club"]
[Date "2016.03.27"]
[Round "3"]
[White "Portola"]
[Black "Bizzy-Ketty"]
[Result "1/2-1/2"]
[WhiteElo "1719"]
[BlackElo "1602"]
[Opening "Queen's pawn game"]
[ECO "A45"]
[Time "10:00:28"]
[TimeControl "2700+45"]

1. d4 Nf6 2. c3 e6 3. Nf3 b6 4. Bg5 Bb7 5. e3 Be7 6. Nbd2 O-O 7. Bd3 c5 8. O-O
Nc6 9. Qe2 h6 10. Bh4 Nd5 11. Bg3 cxd4 12. exd4 d6 13. a3 Qc8 14. Rfe1 Rd8 15.
Rac1 a5 16. c4 Nc7 17. Nb1 Bf6 18. Qe3 Ne7 19. Nc3 Bxf3 20. gxf3 Nc6 21. Ne2 Qd7
22. Red1 Rac8 23. f4 Qe7 24. Qe4 Qe8 25. Qe3 Qe7 26. Rd2 d5 27. c5 b5 28. b3 Bh4
29. Qf3 Bxg3 30. Qxg3 Qf6 31. Bc2 Ne7 32. Rcd1 Nf5 33. Bxf5 Qxf5 34. f3 b4 35.
a4 Ne8 36. Qg4 Qxg4+ 37. fxg4 Nf6 38. h3 Ne4 39. Rc2 Rc6 40. Kg2 g5 41. fxg5
hxg5 42. Rf1 Kg7 43. Nc1 f6 44. Nd3 Kg6 45. Rf3 Rd7 46. Re3 Rd8 47. Rf3 Rd7 48.
Re3 Rd8 49. Rce2 Rd7 50. Rc2 Rd8 {Game drawn by repetition} 1/2-1/2

[Event "Team 45 45 League T68"]
[Site "Internet Chess Club"]
[Date "2016.03.26"]
[Round "3"]
[White "viktory"]
[Black "nealbruce"]
[Result "1/2-1/2"]
[WhiteElo "1672"]
[BlackElo "1588"]
[Opening "QGD: Tarrasch defense"]
[ECO "D32"]
[Time "13:00:28"]
[TimeControl "2700+45"]

1. d4 d5 2. c4 e6 3. Nc3 c5 4. e3 cxd4 5. exd4 Nc6 6. Nf3 Nf6 7. Bg5 Be7 8. Bd3
O-O 9. O-O h6 10. Bh4 Kh8 11. Re1 Qb6 12. Na4 Qc7 13. Bg3 Bd6 14. Bxd6 Qxd6 15.
Ne5 dxc4 16. Bxc4 Qxd4 17. Qxd4 Nxd4 18. Rad1 Nc6 19. Nxc6 bxc6 20. Nc5 Nd5 21.
a3 {Game drawn by mutual agreement} 1/2-1/2

[Event "Team 45 45 League T68"]
[Site "Internet Chess Club"]
[Date "2016.03.27"]
[Round "3"]
[White "mongmong"]
[Black "EFXBT"]
[Result "1/2-1/2"]
[WhiteElo "1517"]
[BlackElo "1536"]
[Opening "Colle system"]
[ECO "D05"]
[Time "09:09:30"]
[TimeControl "2700+45"]

1. d4 d5 2. Nf3 Nf6 3. e3 e6 4. Bd3 c5 5. c3 Be7 6. Nbd2 O-O 7. O-O b6 8. Ne5
Qc7 9. f4 Nc6 10. Ndf3 c4 11. Bc2 Bb7 12. Qe2 b5 13. Nxc6 Bxc6 14. Ne5 Ne4 15.
Nxc6 Qxc6 16. Bxe4 dxe4 17. g4 f5 18. Rf2 Rfd8 19. Rg2 g6 20. Bd2 Kf7 21. Be1 a5
22. h4 fxg4 23. Qxg4 Rd5 24. Rh2 Rh5 25. Qg2 a4 26. a3 Kg7 27. Bg3 Qd5 28. Rf1
Qf5 29. Qe2 Rd8 30. Rff2 Qd5 31. Rfg2 Rf8 32. Be1 Rff5 33. Qc2 Kh8 34. Rg4 Rf8
35. Qe2 Kg8 36. Rgg2 Rff5 {Game drawn by mutual agreement} 1/2-1/2

[Event "Team 45 45 League T68"]
[Site "Internet Chess Club"]
[Date "2016.03.27"]
[Round "3"]
[White "ticopatzer"]
[Black "santiagoelawad"]
[Result "1-0"]
[WhiteElo "1754"]
[BlackElo "1964"]
[Opening "Caro-Kann: advance variation"]
[ECO "B12"]
[Time "15:00:57"]
[TimeControl "2700+45"]

1. d4 c6 2. e4 d5 3. e5 Bf5 4. Nf3 e6 5. Be2 Nd7 6. O-O Bg6 7. c3 Nh6 8. Bxh6
gxh6 9. Nbd2 Bg7 10. Nb3 O-O 11. Rc1 Qe7 12. Na5 Nb6 13. Qd2 Rad8 14. Qe3 Rd7
15. b4 a6 16. Nb3 Rc7 17. Nc5 Nd7 18. a3 Re8 19. c4 Nb6 20. a4 Rd8 21. a5 Nxc4
22. Bxc4 dxc4 23. Rxc4 Bf8 24. Nd2 Rd5 25. Nde4 Kh8 26. Nf6 Rd8 27. f4 Bg7 28.
Qg3 Rcc8 29. Qh4 Rc7 30. g4 Bxf6 31. exf6 Qd6 32. Qxh6 Rg8 33. Qh4 Qd5 34. Rfc1
Bf5 35. g5 Qf3 36. R4c3 Qe2 37. Qf2 Qb5 38. Rc4 Rcc8 39. Nd7 Qd5 40. Nb6 Qd6 41.
Nxc8 Rxc8 42. Qh4 Bd3 43. R4c3 Qxd4+ 44. Qf2 Qe4 45. Rd1 Bc4 46. Qd4 Qxd4+ 47.
Rxd4 Bd5 48. h4 h5 49. Kf2 Kh7 50. f5 Rf8 51. fxe6 fxe6 52. Re3 Kg6 53. Kg3 Rf7
54. Kf4 Rd7 55. Ke5 Rf7 56. Rf4 Rd7 57. Re2 Kf7 58. Re1 Bg2 59. Rf2 Rd5+ 60. Kf4
Bh3 61. Ree2 Rb5 62. Rb2 Bg4 63. Rfd2 Rf5+ 64. Kg3 Rf3+ 65. Kg2 Rf4 66. Rd7+ Kg6
67. Rf2 Bh3+ 68. Kg3 {Black resigns} 1-0

[Event "Team 45 45 League T68"]
[Site "Internet Chess Club"]
[Date "2016.03.25"]
[Round "3"]
[White "kabindra"]
[Black "rayonline53"]
[Result "1-0"]
[WhiteElo "1776"]
[BlackElo "1480"]
[Opening "Caro-Kann: advance variation"]
[ECO "B12"]
[Time "20:00:36"]
[TimeControl "2700+45"]

1. e4 c6 2. d4 d5 3. e5 Bf5 4. h4 h5 5. c4 e6 6. c5 b6 7. Bg5 Be7 8. Bxe7 Qxe7
9. b4 b5 10. Nc3 a5 11. a3 Qb7 12. Bd3 Bxd3 13. Qxd3 axb4 14. Nce2 Rxa3 15. Rxa3
bxa3 16. Qxa3 Qa6 17. Qb2 Ne7 18. Nf3 Qa5+ 19. Nd2 O-O 20. O-O Na6 21. Ng3 g6
22. Nf3 Qb4 23. Qc1 Kg7 24. Qg5 f6 25. exf6+ {Black resigns} 1-0

[Event "Team 45 45 League T68"]
[Site "Internet Chess Club"]
[Date "2016.03.27"]
[Round "3"]
[White "evan7284"]
[Black "pcvan"]
[Result "1-0"]
[WhiteElo "1714"]
[BlackElo "1439"]
[Opening "Queen's pawn game"]
[ECO "D02"]
[Time "15:00:25"]
[TimeControl "2700+45"]

1. d4 d5 2. Nf3 e6 3. Bf4 Nf6 4. Nbd2 b6 5. e3 Bb7 6. Bd3 Bd6 7. Bg3 O-O 8. c3
Bxg3 9. hxg3 h6 10. Ne5 Nbd7 11. f4 Nxe5 12. fxe5 Nd7 13. Qg4 f5 14. exf6 Qxf6
15. O-O-O Qg5 16. Qxe6+ Rf7 17. Bg6 Qf6 18. Qxf7+ Qxf7 19. Bxf7+ Kxf7 20. Rdf1+
Kg6 21. Rf4 Re8 22. Re1 Nf6 23. g4 Kg5 24. Nf3+ Kg6 25. Ne5+ Kg5 26. Rh1 Bc8 27.
Nf7+ Kg6 28. Ne5+ Kg5 29. Rf3 a5 30. Rhf1 Re7 31. g3 Ba6 32. Rf5# {Black
checkmated} 1-0

[Event "Team 45 45 League T68"]
[Site "Internet Chess Club"]
[Date "2016.03.28"]
[Round "3"]
[White "Andressa"]
[Black "Electryon"]
[Result "1/2-1/2"]
[WhiteElo "1442"]
[BlackElo "1434"]
[Opening "French: exchange variation"]
[ECO "C01"]
[Time "20:33:29"]
[TimeControl "2700+45"]

1. e4 e6 2. d4 d5 3. exd5 Qxd5 4. Nc3 Qd8 5. Nf3 Be7 6. Bf4 Nf6 7. Bc4 b6 8. Nb5
Na6 9. O-O Bb7 10. Nc3 O-O 11. Qe2 Nb8 12. Rad1 Nd5 13. Nxd5 Bxd5 14. Bxd5 exd5
15. Rfe1 Bd6 16. Bxd6 Qxd6 17. Qe7 Qxe7 18. Rxe7 Na6 19. c3 Rfe8 20. Rde1 Rxe7
21. Rxe7 Kf8 22. Re1 Re8 23. Rxe8+ Kxe8 24. Ne5 Nb8 25. f4 f6 26. Nd3 Ke7 27.
Nb4 c6 28. Kf2 Ke6 29. Ke3 Kf5 30. h3 h5 31. Kf3 {Game drawn by mutual
agreement} 1/2-1/2

[Event "Team 45 45 League T68"]
[Site "Internet Chess Club"]
[Date "2016.03.25"]
[Round "3"]
[White "DarthDaver"]
[Black "JJ12"]
[Result "1-0"]
[WhiteElo "2038"]
[BlackElo "2111"]
[Opening "Ruy Lopez: Schliemann defense, Berger variation"]
[ECO "C63"]
[Time "14:15:49"]
[TimeControl "2700+45"]

1. e4 e5 2. Nf3 Nc6 3. Bb5 f5 4. Nc3 fxe4 5. Nxe4 Nf6 6. Nxf6+ Qxf6 7. Qe2 Be7
8. Bxc6 bxc6 9. Qxe5 Qxe5+ 10. Nxe5 c5 11. d3 O-O 12. O-O d6 13. Nc4 Bf6 14. Rb1
Be6 15. Bd2 Rfe8 16. Rfe1 Bd5 17. Kf1 Kf7 18. b3 h5 19. Ba5 Rac8 20. Rxe8 Kxe8
21. Re1+ Kd7 22. Nd2 Be5 23. h3 Re8 24. Ne4 Bd4 25. f3 c6 26. Ng3 Rh8 27. Ne2
Rf8 28. Bc3 Bf6 29. Bxf6 Rxf6 30. Kf2 g5 31. Ng3 Bf7 32. Ne4 Rg6 33. h4 gxh4 34.
Rh1 Ke7 35. Rxh4 Rg7 36. Ng3 Rh7 37. Ra4 Be6 38. Rxa7+ Bd7 39. Ne4 Rg7 40. a4
Ke6 41. Ra8 Re7 42. Rh8 {Black resigns} 1-0

[Event "Team 45 45 League T68"]
[Site "Internet Chess Club"]
[Date "2016.03.26"]
[Round "3"]
[White "LarsenB"]
[Black "alexping"]
[Result "0-1"]
[WhiteElo "1862"]
[BlackElo "1919"]
[Opening "Nimzovich-Larsen attack"]
[ECO "A01"]
[Time "12:36:21"]
[TimeControl "2700+45"]

1. b3 d6 2. Bb2 e5 3. e3 Bf5 4. c4 Nf6 5. Nf3 h6 6. Nc3 Nc6 7. d4 exd4 8. Nxd4
Nxd4 9. Qxd4 Be7 10. Nd5 Nxd5 11. Qxd5 Bf6 12. Bd4 Bxd4 13. exd4 Qe7+ 14. Be2
Be4 15. Qh5 Bxg2 16. Rg1 g6 17. Qg4 Bc6 18. O-O-O Qg5+ 19. f4 Qxg4 20. Bxg4 f5
21. d5 Bd7 22. Bf3 Kf7 23. h4 Kf6 24. Rg2 Rhg8 25. Rdg1 Rg7 26. Kd2 Rag8 27. Rh2
a5 28. a4 Re7 29. Rhg2 Be8 30. Kd3 Bf7 31. Kd4 b6 32. Rb2 Rge8 33. b4 axb4 34.
Rxb4 Re3 35. Rf1 Ra3 36. Bd1 Re4# {White checkmated} 0-1

[Event "Team 45 45 League T68"]
[Site "Internet Chess Club"]
[Date "2016.03.25"]
[Round "3"]
[White "TheRailgun"]
[Black "passedpawn"]
[Result "1/2-1/2"]
[WhiteElo "1811"]
[BlackElo "1818"]
[Opening "Sicilian: Hungarian variation"]
[ECO "B34"]
[Time "20:00:37"]
[TimeControl "2700+45"]

1. e4 c5 2. Nf3 g6 3. d4 cxd4 4. Nxd4 Bg7 5. Nc3 Nc6 6. Be3 Nf6 7. Nxc6 bxc6 8.
Be2 O-O 9. O-O d5 10. exd5 cxd5 11. Bd4 Re8 12. Bb5 Bd7 13. Re1 e6 14. Qf3 Bxb5
15. Nxb5 a6 16. Nc3 Rb8 17. b3 Nd7 18. Bxg7 Kxg7 19. Na4 Qa5 20. Rad1 Nf6 21.
Re5 Qc7 22. Re2 Rec8 23. Qd3 Qc6 24. Qd4 Qb5 25. Re3 Qb4 26. Qe5 Qh4 27. Rf3 Rb4
28. c4 dxc4 29. g3 Rb5 30. Qc3 Qg5 31. bxc4 Qe5 32. Qxe5 Rxe5 33. Nb6 Rc7 34.
Rf4 Re4 35. Rxe4 Nxe4 36. Rd4 Rc6 37. Rxe4 Rxb6 38. c5 Rc6 39. Ra4 Kf6 40. Rf4+
Ke7 41. Ra4 e5 42. g4 h6 {Game drawn by mutual agreement} 1/2-1/2